[Event "Uru-ch 2020 Final"]
[Site "Montevideo"]
[Date "2021.03.17"]
[Round "5.3"]
[White "Michailov, Matias"]
[Black "Roselli Mailhe, Bernardo"]
[Result "0-1"]
[ECO "C76"]
[WhiteElo "2251"]
[BlackElo "2429"]
[Annotator "ChessBase"]
[PlyCount "86"]
[EventDate "2021.03.13"]
[EventType "swiss"]
[EventCountry "URU"]
[SourceTitle "playchess.com"]
[Source "ChessBase"]
[SourceQuality "1"]
[TimeControl "5400+30"]

1. e4 e5 2. Nf3 Nc6 3. Bb5 a6 4. Ba4 d6 5. c3 Bd7 6. d4 g6 7. O-O Bg7 8. Re1 Nf6 9. d5 Ne7 10. c4 b5 11. Bb3 bxc4 12. Bxc4 h6 13. Qd3 O-O 14. Nc3 Bc8 15. Nd2 c6 16. dxc6 Nxc6 17. a3 Nd4 18. Nf1 Be6 19. Ne3 a5 20. Ncd5 Nd7 21. f3 Nc5 22. Qd1 f5 23. exf5 gxf5 24. Bd2 f4 25. Ng4 a4 26. Bc3 Nf5 27. Qe2 Nh4 28. Kh1 Ra7 29. Rad1 Qg5 30. Nb6 h5 31. Rxd6 hxg4 32. Rxe6 Nxe6 33. Bxe6+ Kh8 34. Bxg4 Re7 35. Nd5 Ree8 36. Qe4 Rd8 37. Nb4 Nf5 38. Nc6 Rde8 39. Bh3 Ne3 40. Bd2 Rf6 41. Re2 Rd6 42. Qxa4 Qg6 43. Bxe3 fxe3 0-1

[Event "Uru-ch 2020 Final"]
[Site "Montevideo"]
[Date "2021.08.22"]
[Round "9.2"]
[White "Lopez Azambuja, Nicolas"]
[Black "Hoffman, Alejandro"]
[Result "1-0"]
[ECO "D35"]
[WhiteElo "2303"]
[BlackElo "2459"]
[Annotator "RC"]
[PlyCount "89"]
[EventDate "2021.03.13"]
[EventType "swiss"]
[EventCountry "URU"]
[SourceTitle "playchess.com"]
[Source "ChessBase"]
[SourceQuality "1"]
[TimeControl "5400+30"]

1. d4 Nf6 2. c4 e6 3. Nc3 d5 4. cxd5 exd5 5. Bg5 Be7 6. e3 c6 7. Qc2 Nbd7 8. Bd3 Nh5 9. Bxe7 Qxe7 10. Nge2 Nb6 11. O-O g6 12. Rae1 O-O 13. Nc1 Be6 14. f3 Rfe8 15. Qf2 Rad8 16. Kh1 c5 17. dxc5 Qxc5 18. Nb3 Qb4 19. Rd1 Nc4 20. Bxc4 dxc4 21. Nd4 Qb6 22. Rd2 f5 23. Rfd1 Bf7 24. e4 f4 25. g4 fxg3 26. hxg3 Nf6 27. Qe3 Qc5 28. Nf5 Qxe3 29. Nxe3 Rxd2 30. Rxd2 a6 31. Rd6 Kg7 32. Kg2 b5 33. a3 Re6 34. Rd4 h5 35. f4 Rb6 36. e5 Ng8 37. Rd7 Kf8 38. Ned5 Rb8 39. Nc7 b4 40. axb4 Rxb4 41. Ne4 Rxb2+ 42. Kf3 Rb3+ 43. Ke2 Rd3 44. Nd6 Bd5 45. Nxd5 1-0